 Dungeon Crawl Stone Soup version 0.12-a0-1129-g8823b2a (console) character file.

173 vogonpoet the Ruinous (level 3, -7/21 HPs)
             Began as a High Elf Conjurer on Nov 19, 2012.
             Mangled by a worm (9 damage)
             ... on Level 3 of the Dungeon.
             The game lasted 00:07:27 (1371 turns).

vogonpoet the Ruinous (High Elf Conjurer)           Turns: 1371, Time: 00:07:27

HP  -7/21        AC  2     Str  7      XL: 3   Next: 98%
MP   1/8         EV 13     Int 19      God:
Gold 106         SH  0     Dex 16      Spells:  2 memorised,  2 levels left

Res.Fire  : . . .   See Invis. : .   w - +0 elf short sword
Res.Cold  : . . .   Warding    : .   a - +0 elf robe
Life Prot.: . . .   Conserve   : .   (no shield)
Res.Poison: +       Res.Corr.  : .   (no helmet)
Res.Elec. : .       Clarity    : .   (no cloak)
Sust.Abil.: + .     Spirit.Shd : .   (no gloves)
Res.Mut.  : .       Stasis     : .   (no boots)
Res.Rott. : .       Ctrl.Telep.: .   (no amulet)
Saprovore : . . .   Flight     : .   v - ring of sustain abilities {unknown}
                                     f - ring of poison resistance {unknown}

@: very slightly contaminated, slightly resistant to hostile enchantments,
fairly stealthy
A: no striking features
a: no special abilities


You were on level 3 of the Dungeon.
You were hungry.

You visited 1 branch of the dungeon, and saw 3 of its levels.

You collected 86 gold pieces.

Inventory:

Hand weapons
 d - a +0,+0 sling
 k - a +0,+0 quarterstaff
 w - a +0,+0 elven short sword (weapon)
Missiles
 h - 17 poisoned needles
 n - 21 darts of flame (quivered)
 q - 31 darts
 y - a throwing net
Armour
 a - a +0 elven robe (worn)
Comestibles
 b - 2 bread rations
Scrolls
 g - a scroll of random uselessness {unknown}
 i - a scroll of magic mapping {unknown}
 j - a scroll of noise {unknown}
 l - a scroll of fog {unknown}
 m - a scroll of teleportation {unknown}
 p - 4 scrolls of remove curse {unknown}
 x - a scroll of curse jewellery {unknown}
Jewellery
 f - a ring of poison resistance (left hand) {unknown}
 v - a ring of sustain abilities (right hand) {unknown}
Potions
 o - a potion of confusion {unknown}
 t - 2 potions of curing {unknown}
 u - a potion of slowing {unknown}
Books
 c - a book of Conjurations

   Spells                             Type                      Level
   *Magic Dart                        Conjuration                  1
   Throw Frost                        Conjuration/Ice              2
   *Mephitic Cloud                    Conjuration/Poison/Air       3
   Lightning Bolt                     Conjuration/Air              5
   Bolt of Cold                       Conjuration/Ice              6
   Freezing Cloud                     Conjuration/Ice/Air          6
 r - a book of Wizardry

   Spells                             Type                      Level
   Summon Elemental                   Summoning                    4
   Agony                              Necromancy                   5
   Lightning Bolt                     Conjuration/Air              5
   Fireball                           Conjuration/Fire             5
   Haste                              Charms                       6
   Invisibility                       Hexes                        6


   Skills:
 - Level 2.1 Dodging
 - Level 2.1 Stealth
 - Level 2.0 Spellcasting
 + Level 5.7 Conjurations
 * Level 0.8 Air Magic


You had 2 spell levels left.
You knew the following spells:

 Your Spells              Type           Power        Failure   Level  Hunger
a - Magic Dart            Conj           ####.        1%          1    #......
b - Mephitic Cloud        Conj/Pois/Air  ###......    21%         3    ####...


Dungeon Overview and Level Annotations

Branches:
Dungeon (3/27)

Altars:

Annotations
D:3 sanka's ghost, weakling DsEn


Message History

You throw an orcish spear. The orcish spear hits the worm.
The worm is moderately wounded.
Throwing (i - inventory. (,) - cycle):
n - 22 darts of flame (quivered)
Press: ? - help, Shift-Dir - straight line, f/p - worm
Aim: a worm (moderately wounded)
You throw a dart of flame. The dart of flame hits the worm.
The worm is moderately wounded.
You hit the worm.
The worm is moderately wounded.
The worm bites you.
You hit the worm.
The worm is heavily wounded.
You hit the worm.
The worm is heavily wounded.
The worm bites you!
* * * LOW HITPOINT WARNING * * *
You completely miss the worm.
The worm is heavily wounded.
The worm bites you!
You die...

#.#).
#.#..
#.#.# #
#.#.#.#
#.#.#.
#.#..
#.#(#
#.#w#
#..@#
#####


You could see a worm.

Vanquished Creatures
  An adder (D:2)
  3 gnolls (D:3)
  A worm (D:2)
  4 bats
  2 giant cockroaches (D:1)
  3 hobgoblins (D:1)
  2 ball pythons
  3 giant newts
  5 goblins
  5 kobolds
  6 rats
35 creatures vanquished.

Vanquished Creatures (others)
  A toadstool (D:1)
1 creature vanquished.

Grand Total: 36 creatures vanquished

Notes
Turn   | Place    | Note
--------------------------------------------------------------
     0 | D:1      | vogonpoet, the High Elf Conjurer, began the quest for the Orb.
     0 | D:1      | Reached XP level 1. HP: 11/11 MP: 4/4
   189 | D:1      | Reached XP level 2. HP: 17/17 MP: 3/5
   288 | D:1      | Reached skill level 5 in Conjurations
  1013 | D:2      | Reached XP level 3. HP: 21/21 MP: 2/8
  1045 | D:2      | Learned a level 3 spell: Mephitic Cloud
  1313 | D:3      | Noticed sanka's ghost (weakling DsEn)
  1370 | D:3      | HP: 1/21 [worm (9)]
  1371 | D:3      | Mangled by a worm
